 Dungeon Crawl Stone Soup version 0.26-a0-278-g3b0d5afba5 (webtiles) character file.

Game seed: 6857952087248080426

209 BritishOli the Skirmisher (level 5, -2/42 HPs)
             Began as a Demonspawn Fighter on July 12, 2020.
             Slain by a river rat (7 damage)
             ... on level 3 of the Dungeon.
             The game lasted 00:02:12 (1972 turns).

BritishOli the Skirmisher (Demonspawn Fighter)      Turns: 1972, Time: 00:02:13

Health: -2/42      AC:  8    Str: 17    XL:     5   Next: 55%
Magic:  5/5        EV:  8    Int: 10    God:
Gold:   62         SH:  9    Dex: 12    Spells: 4/4 levels left

rFire    + . .     SeeInvis .   a - +0 long sword
rCold    . . .     Faith    .   c - +0 kite shield
rNeg     . . .     Spirit   .   o - +3 ring mail
rPois    .         Reflect  .   (helmet restricted)
rElec    .         Harm     .   (no cloak)
rCorr    +                      (no gloves)
MR       .....                  (no boots)
Stlth    +.........             (no amulet)
HPRegen  0.14/turn              i - ring of resist corrosion
MPRegen  0.09/turn              (no ring)

@: no status effects
A: horns 1, fire resistance 1
a: no special abilities


You were on level 3 of the Dungeon.
You visited 1 branch of the dungeon, and saw 3 of its levels.

You collected 62 gold pieces.

Inventory:

Hand Weapons
 a - a +0 long sword (weapon)
Armour
 b - a +0 scale mail
 c - a +0 kite shield (worn)
 o - a +3 ring mail (worn)
Jewellery
 i - a ring of resist corrosion (left hand)
Scrolls
 e - 2 scrolls of enchant armour {unknown}
 f - a scroll of amnesia {unknown}
 j - 3 scrolls of teleportation {unknown}
 m - a scroll of remove curse {unknown}
 r - 2 scrolls of identify {unknown}
Potions
 g - a potion of stabbing {unknown}
 h - a potion of mutation {unknown}
 k - 2 potions of flight {unknown}
 l - a potion of curing {unknown}
 n - a potion of haste {unknown}
 p - a potion of degeneration {unknown}
 q - a potion of heal wounds {unknown}


   Skills:
 + Level 4.1 Fighting
 + Level 3.0 Long Blades
 + Level 3.7 Armour
 + Level 3.6 Shields


You had 4 spell levels left.
You didn't know any spells.
Your spell library contained the following spells:

 Spells                   Type           Power        Failure   Level
 Confusing Touch          Hex            #.......     100%        3
 Gell's Gravitas          Tloc           #.........   100%        3
 Petrify                  Tmut/Erth      #.......     100%        4
 Metabolic Englaciation   Hex/Ice        #.........   100%        5
 Yara's Violent Unravell  Hex/Tmut       #.........   100%        5


Dungeon Overview and Level Annotations

Branches:
Dungeon (3/15)

Altars:
Uskayaw


Innate Abilities, Weirdness & Mutations

You have a pair of small horns on your head.
Your flesh is heat resistant. (rF+)


Message History

You hit the river rat but do no damage. You headbutt the river rat.
You kill the river rat!
Your Long Blades skill increases to level 3!
You block the adder's attack. x2
The river rat bites you but does no damage.
You hit the adder. You headbutt the adder.
The adder is almost dead.
You block the adder's attack.
The river rat bites you but does no damage.
The adder bites you but does no damage.
You closely miss the adder. Your headbutt misses the adder.
The adder is almost dead.
The river rat barely misses you.
You riposte.
You hit the river rat. Your headbutt misses the river rat.
The river rat is heavily wounded.
You block the adder's attack.
You slash the adder!
You kill the adder!
The river rat bites you!
You die...

####w#≈# #...#
#....# #≈≈Srw≈#
#...# #....#
#≈########†..#
#†)..#
#≈≈≈≈≈≈≈≈≈...#
#.)..#
#.####≈#≈#≈≈...#
######
#...≈≈≈≈≈.≈..###
#.....≈.w....#
#..........r†#
#.....####.†@#
###### #####


You could see a worm and a river rat.

Vanquished Creatures
  An orc wizard (D:3)
  Terence (D:3)
  6 adders
  2 river rats (D:3)
  3 worms
  2 dart slugs (D:1)
  2 leopard geckos
  6 orcs (D:3)
  A ball python (D:3)
  3 giant cockroaches
  5 goblins
  6 hobgoblins
  10 kobolds
  10 bats
  5 frilled lizards
  8 rats
71 creatures vanquished.

Notes
Turn   | Place    | Note
-------+----------+-------------------------------------------
     0 | D:1      | BritishOli the Demonspawn Fighter began the quest for the
                  | Orb.
     0 | D:1      | Reached XP level 1. HP: 18/18 MP: 1/1
   184 | D:1      | Gained mutation: You have a pair of small horns on your
                  | head. [demonic ancestry]
   184 | D:1      | Reached XP level 2. HP: 16/24 MP: 2/2
   780 | D:1      | Reached XP level 3. HP: 29/29 MP: 3/3
  1162 | D:2      | Found a hide-covered altar of Uskayaw.
  1240 | D:2      | Reached XP level 4. HP: 34/35 MP: 4/4
  1843 | D:3      | Noticed Terence
  1886 | D:3      | Gained mutation: Your flesh is heat resistant. (rF+)
                  | [demonic ancestry]
  1886 | D:3      | Reached XP level 5. HP: 13/42 MP: 5/5
  1893 | D:3      | Killed Terence
  1904 | D:3      | Reached skill level 4 in Fighting
  1972 | D:3      | Slain by a river rat

Illustrated notes

Levels and vault maps discovered:
D:1:      lightli_arrival_isolated_outpost, layout_basic
D:2:      layout_basic, old_standard_altar
D:3:      layout_basic, lightli_sewer_entry_pipes, uniq_terence

Skill      XL: |  1  2  3  4  5 |
---------------+----------------+-----
Long Blades    | 2 3 |  3.0
Armour         | 3 |  3.7
Shields        | 3 |  3.6
Fighting       | 4 |  4.1

Action                   |  1- 3 |  4- 6 || total
-------------------------+-------+-------++-------
Melee: Long sword        |   112 |    72 ||   184
       Headbutt          |    11 |    16 ||    27
  Use: Potion            |       |     1 ||     1
Armor: Scale mail        |    82 |       ||    82
       Ring mail         |     8 |    64 ||    72
Dodge: Dodged            |    34 |    53 ||    87
Block: Kite shield       |    58 |    73 ||   131
       Rpst.: Long sword |    12 |    15 ||    27

Table legend:
 A = Non-vault XP
 B = Vault XP
 C = Vault XP percentage of total XP
 D = Non-vault monster count
 E = Vault monster count
 F = Vault count percentage of total count
                 A         B        C        D         E       F
            +---------+---------+-------+---------+---------+-------
      Total |     212 |      87 |  29.1 |      65 |       6 |   8.5
            +---------+---------+-------+---------+---------+-------
        D:1 |      42 |       0 |   0.0 |      26 |       0 |   0.0
        D:2 |      66 |       0 |   0.0 |      20 |       0 |   0.0
        D:3 |     104 |      87 |  45.5 |      19 |       6 |  24.0
            +---------+---------+-------+---------+---------+-------
